 Dungeon Crawl Stone Soup version 0.25-a0-73-g9796ba8 (webtiles) character file.

Game seed: 13794097366469396490, levelgen mode: deterministic

1790160 Rowan the Hoplite (level 27, 250/250 HPs)
             Began as a Minotaur Fighter on Nov 6, 2019.
             Was the Champion of the Shining One.
             Escaped with the Orb
             ... and 3 runes!
             The game lasted 02:08:18 (62334 turns).

Rowan the Hoplite (Minotaur Fighter)               Turns: 62334, Time: 02:08:18

Health: 250/250    AC: 43    Str: 35    XL:     27
Magic:  29/29      EV: 22    Int:  5    God:    the Shining One [******]
Gold:   3007       SH: 40    Dex: 15    Spells: 26/26 levels left

rFire    + + +     SeeInvis +   i - +9 trishula (holy)
rCold    + . .     Gourm    .   g - +8 large shield
rNeg     + + +     Faith    .   H - +5 gold dragon scales
rPois    +         Spirit   .   P - +2 hat
rElec    .         Reflect  +   R - +0 cloak {rPois}
rCorr    +         Harm     .   F - +0 pair of gloves
MR       +++..                  q - +2 pair of boots
Stlth    ..........             d - +4 amulet of reflection
HPRegen  0.51/turn              X - ring "Cionguff" {*Contam *Slow rF+ rN+++ rCorr Str+4 SInv}
MPRegen  0.21/turn              G - ring "Ylehekey" {rF+ MR+}

@: hasted, glowing, very quick
A: retaliatory headbutt, horns 2, yellow scales 1, blurry vision 1, low mp 2,
screaming 2, strong 1, sturdy frame 1
0: Orb of Zot
}: 3/15 runes: barnacled, silver, gossamer
a: Divine Shield, Cleansing Flame, Summon Divine Warrior, Renounce Religion


You escaped.
You worshipped the Shining One.
The Shining One was exalted by your worship.
You were not hungry.

You visited 9 branches of the dungeon, and saw 47 of its levels.
You visited the Abyss 1 time.
You also visited: Volcano.

You collected 5512 gold pieces.
You spent 2505 gold pieces at shops.

Inventory:

Hand Weapons
 i - a +9 trishula of holy wrath (weapon)
Armour
 g - a +8 large shield (worn)
 q - a +2 pair of boots (worn)
 F - a +0 pair of gloves (worn)
 H - +5 gold dragon scales (worn)
 P - a +2 hat (worn)
 R - a +0 cloak of poison resistance (worn)
Jewellery
 a - an uncursed ring of protection from cold
 d - a +4 amulet of reflection (around neck)
 G - the ring "Ylehekey" (right hand) {rF+ MR+}
   (You found it on level 5 of the Vaults)

   [ring of protection from fire]

   It protects you from fire.
   It affects your resistance to hostile enchantments.
 M - an uncursed ring of protection from cold
 X - the ring "Cionguff" (left hand) {*Contam *Slow rF+ rN+++ rCorr Str+4 SInv}
   (You took it off a rakshasa on level 3 of the Depths)

   [ring of resist corrosion]

   It affects your strength (+4).
   It protects you from fire.
   It renders you almost immune to negative energy.
   It lets you see invisible.
   It causes magical contamination when unequipped.
   It provides partial protection from all sources of acid and corrosion.
   It may slow you when you take damage.
Wands
 h - a wand of digging (8)
 n - a wand of flame (75)
 p - a wand of iceblast (41)
 t - a wand of paralysis (9)
 A - a wand of scattershot (17)
 B - a wand of disintegration (27)
 D - a wand of polymorph (17)
 K - a wand of acid (12)
 U - a wand of enslavement (11)
Scrolls
 e - 7 scrolls of magic mapping
 j - a scroll of enchant weapon
 l - 13 scrolls of amnesia
 m - 14 scrolls of remove curse
 r - a scroll of blinking
 s - 4 scrolls of immolation
 v - 7 scrolls of fear
 w - 2 scrolls of holy word
 x - 13 scrolls of identify
 y - 11 scrolls of teleportation
 E - 4 scrolls of brand weapon
 J - 4 scrolls of fog
 O - a scroll of summoning
 V - 2 scrolls of silence
Potions
 b - 9 potions of ambrosia
 c - 2 potions of magic
 k - 5 potions of flight
 o - 5 potions of curing
 u - 10 potions of agility
 z - 3 potions of mutation
 C - 10 potions of brilliance
 I - 7 potions of haste
 L - a potion of cancellation
 N - 3 potions of resistance
 W - 3 potions of might
 Y - a potion of heal wounds
Comestibles
 f - 64 rations


   Skills:
 - Level 21.1 Fighting
 - Level 14.0 Polearms
 - Level 25.0 Armour
 - Level 22.0 Dodging
 - Level 25.0 Shields
 + Level 22.9 Invocations


You had 26 spell levels left.
You didn't know any spells.
Your spell library contained the following spells:

 Spells                   Type           Power        Failure   Level  Hunger
 Beastly Appendage        Tmut           #.....       90%         1    ##.....
 Corona                   Hex            #......      90%         1    ##.....
 Flame Tongue             Conj/Fire      #....        90%         1    ##.....
 Infusion                 Chrm           #...         90%         1    ##.....
 Sting                    Conj/Pois      #...         90%         1    ##.....
 Blink                    Tloc           N/A          97%         2    ###....
 Ensorcelled Hibernation  Hex/Ice        #.....       97%         2    ###....
 Poisonous Vapours        Pois/Air       #.....       97%         2    ###....
 Shroud of Golubria       Chrm/Tloc      #.....       97%         2    ###....
 Song of Slaying          Chrm           #.......     97%         2    ###....
 Sticks to Snakes         Tmut           #.......     97%         2    ###....
 Throw Flame              Conj/Fire      #.....       97%         2    ###....
 Confuse                  Hex            #.......     99%         3    ####...
 Conjure Flame            Conj/Fire      #.......     99%         3    ####...
 Dazzling Spray           Conj/Hex       #.....       99%         3    ####...
 Gell's Gravitas          Tloc           #.........   99%         3    ####...
 Inner Flame              Hex/Fire       #.......     99%         3    ####...
 Lesser Beckoning         Tloc           #.........   99%         3    ####...
 Mephitic Cloud           Conj/Pois/Air  #.......     99%         3    ####...
 Recall                   Summ/Tloc      N/A          99%         3    ####...
 Regeneration             Chrm/Necr      #.........   99%         3    ####...
 Spectral Weapon          Hex/Chrm       #.......     99%         3    ####...
 Spider Form              Tmut/Pois      #.........   99%         3    ####...
 Teleport Other           Tloc           #.......     99%         3    ####...
 Tukima's Dance           Hex            #.......     99%         3    ####...
 Animate Dead             Necr           N/A          100%        4    #####..
 Ice Form                 Ice/Tmut       #.......     100%        4    #####..
 Olgreb's Toxic Radiance  Pois           #.......     100%        4    #####..
 Sticky Flame             Conj/Fire      #.......     100%        4    #####..
 Aura of Abjuration       Summ           #.........   100%        5    ######.
 Blade Hands              Tmut           #.........   100%        5    ######.
 Bolt of Magma            Conj/Fire/Erth #.........   100%        5    ######.
 Borgnjor's Vile Clutch   Necr/Erth      #.........   100%        5    ######.
 Fireball                 Conj/Fire      #.........   100%        5    ######.
 Iskenderun's Battlesphe  Conj/Chrm      #.......     100%        5    ######.
 Summon Demon             Summ           #.........   100%        5    ######.
 Summon Forest            Summ/Tloc      #.........   100%        5    ######.
 Summon Mana Viper        Hex/Summ       #.......     100%        5    ######.
 Venom Bolt               Conj/Pois      #.........   100%        5    ######.
 Death Channel            Necr           #.........   100%        6    #######
 Iron Shot                Conj/Erth      #.........   100%        6    #######
 Poison Arrow             Conj/Pois      #.........   100%        6    #######
 Shadow Creatures         Summ           N/A          100%        6    #######
 Simulacrum               Ice/Necr       #.........   100%        6    #######
 Haunt                    Necr/Summ      #.........   100%        7    #######
 Orb of Destruction       Conj           #.........   100%        7    #######
 Spellforged Servitor     Conj/Summ      #.........   100%        7    #######
 Borgnjor's Revivificati  Necr           #.........   100%        8    #######
 Chain Lightning          Conj/Air       #.........   100%        8    #######
 Death's Door             Chrm/Necr      #.........   100%        8    #######
 Infestation              Necr           #.........   100%        8    #######
 Lehudib's Crystal Spear  Conj/Erth      #.........   100%        8    #######
 Necromutation            Tmut/Necr      #.........   100%        8    #######
 Fire Storm               Conj/Fire      #.........   100%        9    #######
 Glaciate                 Conj/Ice       #.........   100%        9    #######
 Passage of Golubria      Tloc           Unusable     N/A         4    N/A

Dungeon Overview and Level Annotations

Branches:
Dungeon (15/15)            Temple (1/1) D:7            Lair (6/6) D:8
 Shoals (4/4) Lair:3       Spider (4/4) Lair:4        Slime (0/5) Lair:5
    Orc (2/2) D:11            Elf (0/3) Orc:2        Vaults (5/5) D:14
  Crypt (0/3) Vaults:3     Depths (5/5) D:15            Zot (5/5) Depths:5
Volcano (visited)

Altars:
Ashenzari
Cheibriados
Dithmenos
Elyvilon
Fedhas
Gozag
Hepliaklqana
Kikubaaqudgha
Makhleb
Nemelex Xobeh
Okawaru
Qazlal
Ru
Sif Muna
Trog
Uskayaw
Vehumet
Wu Jian
Xom
Yredelemnul
Zin
The Shining One
Beogh
Jiyva

Shops:
D:5 *   D:6 :   Orc:2 [=%[   Vaults:1 [   Vaults:4 }   Vaults:5 (   Depths:1 :
Depths:2 [   Depths:3 }   Depths:5 ?

Portals:
Hell: Depths:1 Depths:2 Depths:3 Depths:4 Depths:5
Abyss: Depths:3 Depths:4
Pandemonium: Depths:2 Depths:3 Depths:4
Ziggurat: Depths:1
Bazaar: Shoals:1

Annotations:
D:4 4 runed translucent doors
D:9 1 runed translucent door, vhaine's ghost, novice NaWr
Lair:3 2 runed translucent doors, Simyp's ghost, journeyman OpCj


Innate Abilities, Weirdness & Mutations

You reflexively headbutt those who attack you in melee.
You have a pair of horns on your head.
You are partially covered in yellow scales. (AC +2)
Scrolls take you a little longer to read.
Your magical capacity is very low. (-20% MP)
You sometimes yell uncontrollably at your foes.
Your muscles are strong. (Str +2)
Your movements are slightly less encumbered by armour. (ER -2)


Message History

The golden eye is heavily wounded.
The golden eye blinks!
You puncture the golden eye!
You kill the golden eye!
The golden eye blinks!
You miss the golden eye. You headbutt the golden eye.
You kill the golden eye!
No target in view!
No target in view!
You feel yourself speed up.
You see here a robe.
Evoke which item? (* to show all) (? for menu, Esc to quit)
Aiming: Dig
Press: ? - help, Shift-Dir - straight line A rock wall.
This square is lit by a halo and is covered in magical glow.
The rock shatters into small pieces.
There is a staircase leading out of the dungeon here.
You can't go down here!
You have escaped!

#.#.#.#.....#...# #.###.####
#.#.#.#^###.#.#.###........#
#.#.#.#.# #...#...#.....####
##'#.#.#.###.#####.#.#####
.....#.#....)# #...#.#
.....#.###.#####.###.#
.....#...#...#...###.#
.....###.###.#.#.#.#.#
##'#.# #...#.#..@#.#.#
#.#)#####.#.###.#.#.#
#.#.#...#.#...#.#.#.#
#.#.#.#.#.###.#.#.#.#
#.#...#.....#.....#.#
##.#.#######.###.###.#
##.#.#######.###.###.#
#........[...........#
#..##.################


There were no monsters in sight!

Vanquished Creatures
  5 orbs of fire
  Mara (Spider:4)
  4 ancient liches
  3 shard shrikes
  Margery (Depths:3)
  7 Killer Klowns
  Saint Roka (Orc:1)
  Bai Suzhen (Vaults:5)
  Xtahua (Vaults:2)
  3 curse toes
  11 golden dragons
  4 bone dragons
  5 electric golems
  Arachne (Spider:2)
  5 liches
  Jorgrun (Orc:2)
  2 Hell Sentinels (Zot:5)
  15 tentacled monstrosities
  2 titans
  27 Orb Guardians
  The ghost of Rowan the Phalangite, an adept MfGl of Ashenzari (Vaults:1)
  8 quicksilver dragons
  A tentacled starspawn (Abyss:3)
  An ancient champion (Vaults:3)
  9 death cobs
  A kraken (Shoals:3)
  13 storm dragons
  3 sphinxes
  Gastronok (Lair:2)
  10 shadow dragons
  Kirke (Spider:4)
  8 tengu reavers
  7 frost giants
  3 draconian monks
  An azure jelly (Shoals:4)
  Louise (D:14)
  A deep elf sorcerer (Vaults:3)
  7 vault wardens
  An iron dragon (Depths:4)
  10 draconian knights
  4 fire giants
  A cacodemon (Depths:5)
  2 deep elf elementalists
  8 draconian shifters
  10 ghost moths
  10 emperor scorpions
  4 orc warlords
  A curse skull (Vaults:3)
  5 draconian scorchers
  A ghoul (Vaults:2)
  8 draconian stormcallers
  12 ironheart preservers
  4 draconian annihilators
  A war gargoyle (Vaults:5)
  An angel (D:6)
  12 very ugly things
  The ghost of Ihaivurph the Cardsharp, a journeyman DsMo of Nemelex Xobeh (Lair:5)
  The ghost of Linuen the Spear-Bearer, a journeyman FoFi of Makhleb (Lair:5)
  4 entropy weavers
  A juggernaut skeleton (Depths:2)
  14 stone giants
  A black sun (Zot:3)
  17 green draconians
  8 white draconians
  5 deep elf demonologists
  A corrupter (Zot:3)
  3 vampire knights
  12 black draconians
  5 spark wasps
  3 deep elf annihilators (Vaults:3)
  8 red draconians
  13 yellow draconians
  14 ettins
  5 purple draconians
  5 merfolk javelineers
  3 deep elf death magi
  9 fire dragons
  2 merfolk impalers
  A green death (D:6)
  11 great orbs of eyes
  4 crystal guardians (Depths:3)
  A jiangshi (Vaults:3)
  Josephine (D:15)
  3 deep elf high priests (Vaults:5)
  2 hell beasts
  7 rakshasas
  Erolcha (Orc:2)
  11 yaktaur captains
  A merfolk avatar (Shoals:3)
  A monstrous demonspawn (Depths:4)
  Erica (Lair:2)
  26 vault guards
  10 hydras
  The ghost of Ziuqeq the Nimble, a journeyman MiMo of Cheibriados (D:13)
  The ghost of Buggegge the Nimble, a journeyman MiMo of Cheibriados (D:13)
  12 ice dragons
  2 spriggan air magi
  8 centaur warriors
  52 two-headed ogres
  5 death yaks
  8 deep troll shamans
  3 death knights
  2 dancing weapons (D:14)
  18 ogre magi
  6 spriggan berserkers
  4 tengu warriors
  3 merfolk aquamancers (Shoals:4)
  2 vampire magi
  A satyr (Shoals:4)
  5 deep troll earth magi
  Urug (Orc:1)
  A sun demon (D:13)
  A storm dragon zombie (Depths:2)
  3 thrashing horrors (Abyss:3)
  5 orc high priests
  2 soul eaters
  A hell hog (Volcano)
  A titan zombie (Vaults:4)
  Sonja (Lair:1)
  A salamander mystic (Depths:1)
  A death drake (shapeshifter) (Depths:2)
  4 deep elf knights
  2 iron trolls (Depths:2)
  6 sea snakes
  A shadow wraith (Vaults:4)
  2 sixfirhies
  9 skeletal warriors
  25 hell knights
  A shadow demon (Depths:2)
  2 glowing orange brains
  7 wizards
  4 unseen horrors
  2 infernal demonspawn
  An unseen horror (shapeshifter) (D:15)
  4 flayed ghosts
  25 harpies
  10 deep trolls
  7 necromancers
  5 deep elf archers
  11 ironbrand convokers
  A torturous demonspawn (Depths:3)
  A harpy (shapeshifter) (Vaults:1)
  11 orc knights
  5 phantasmal warriors
  2 mana vipers (shapeshifter)
  15 orb spiders
  A wolf spider zombie (D:14)
  15 manticores
  17 deep elf magi
  73 ugly things
  5 salamanders
  7 orc sorcerers
  29 wolf spiders
  14 fauns
  A salamander (shapeshifter) (Abyss:3)
  A sphinx skeleton (Depths:2)
  A cyclops (shapeshifter) (Vaults:5)
  6 cyclopes
  38 moths of wrath
  A fire giant skeleton (Vaults:2)
  6 elephants (Lair:5)
  Maurice (D:9)
  2 torpor snails (Spider:4)
  12 vault sentinels
  A naga mage (Depths:4)
  A water nymph (Shoals:4)
  6 merfolk sirens
  6 gargoyles
  A molten gargoyle (Depths:1)
  A black mamba (Lair:4)
  2 smoke demons (Abyss:3)
  6 orange demons
  24 spiny frogs
  A torpor snail (shapeshifter) (D:15)
  A spiny frog (shapeshifter) (Vaults:3)
  4 rime drakes
  6 freezing wraiths
  10 komodo dragons
  32 yaktaurs
  An efreet (D:15)
  4 hellwings
  2 ice devils (Depths:2)
  10 demonic crawlers
  3 tengu conjurers (Depths:4)
  A queen bee (shapeshifter) (Depths:3)
  8 trolls
  A red devil (Depths:4)
  A yaktaur skeleton (Vaults:4)
  21 merfolk
  30 jumping spiders
  A polar bear (Lair:2)
  6 hornets
  A jumping spider (shapeshifter) (Vaults:2)
  A merfolk (shapeshifter) (Vaults:2)
  4 tyrant leeches (Lair:6)
  4 wind drakes
  29 blink frogs
  4 raiju (Abyss:3)
  An ettin zombie (Vaults:2)
  3 meliai (D:15)
  A raiju (shapeshifter) (Depths:3)
  A blink frog (shapeshifter) (Depths:2)
  13 hippogriffs
  31 slime creatures
  18 dream sheep
  3 hornets (shapeshifter)
  7 snapping turtles
  2 hippogriffs (shapeshifter)
  A frost giant simulacrum (Vaults:4)
  73 redbacks
  A redback (shapeshifter) (Depths:3)
  Sigmund (D:3)
  A spriggan (shapeshifter) (Depths:3)
  7 water elementals
  9 wraiths
  5 ynoxinuls
  3 spriggans (Depths:5)
  A fire elemental (Depths:1)
  31 yaks
  5 wyverns
  6 golden eyes
  28 tarantellas
  A tarantella (shapeshifter) (Vaults:5)
  2 shadows
  3 basilisks
  5 fire bats
  A hog (Spider:4)
  2 yaks (shapeshifter)
  4 large abominations
  A chaos spawn (Abyss:3)
  Grum (Lair:1)
  3 hungry ghosts (D:15)
  3 human simulacra
  8 vampire mosquitoes
  Menkaure (D:7)
  3 neqoxecs
  A tengu zombie (Depths:2)
  3 wargs
  A soldier ant (shapeshifter) (Vaults:1)
  An acid dragon (D:11)
  A floating eye (Depths:4)
  9 porcupines
  2 floating eyes (shapeshifter)
  13 water moccasins
  41 orc warriors
  An ice beast (D:14)
  7 sky beasts
  A necrophage (D:9)
  4 phantoms
  45 ogres
  9 boggarts
  4 wolves (Lair:1)
  13 centaurs
  A centaur (shapeshifter) (D:15)
  10 crocodiles
  An elf skeleton (Vaults:2)
  3 big kobolds (D:9)
  2 earth elementals (Depths:2)
  21 bullfrogs
  A wyvern zombie (D:10)
  6 scorpions
  A small abomination (Abyss:3)
  A killer bee (D:4)
  11 wights
  4 electric eels
  4 jellies
  8 howler monkeys
  A lava snake (D:7)
  8 crimson imps
  2 centaur zombies
  2 bullfrog zombies
  3 quasits
  7 hounds
  18 orc priests
  4 centaur skeletons
  5 iguanas
  5 iron imps
  31 orc wizards
  7 bullfrog skeletons
  13 worker ants
  A hound skeleton (D:4)
  A worker ant zombie (D:5)
  4 gnolls
  A howler monkey skeleton (D:6)
  21 adders
  7 shadow imps
  2 white imps (Depths:4)
  8 ufetubi
  2 adder zombies
  2 oozes
  An adder skeleton (D:4)
  3 worms
  A dart slug (D:2)
  3 leopard geckos
  78 orcs
  8 bats
  8 giant cockroaches
  5 goblins
  8 hobgoblins
  8 jackals
  4 quokkas
  3 frilled lizards
  5 kobolds
  A leopard gecko skeleton (D:7)
  A leopard gecko zombie (D:7)
  A quokka skeleton (D:2)
  7 rats
  A plant (Shoals:4)
  2 starspawn tentacles (Abyss:3)
  3 tentacles (Shoals:3)
2092 creatures vanquished.

Vanquished Creatures (collateral kills)
  A deep troll shaman (Depths:2)
  A deep troll (Depths:2)
2 creatures vanquished.

Vanquished Creatures (others)
  A lich (Depths:3)
  A fire giant (Vaults:5)
  The ghost of Kutop the Zephyrmancer, a journeyman TeAE of Vehumet (D:13)
  5 stone giants
  Nessos (D:13)
  A yellow draconian (Zot:1)
  6 yaktaur captains
  A centaur warrior (D:13)
  3 two-headed ogres (Volcano)
  A deep elf mage (Vaults:1)
  2 deep elf archers
  4 cyclopes
  2 fauns
  12 yaktaurs
  A merfolk (Shoals:4)
  A slime creature (Vaults:3)
  3 humans (Spider:4)
  2 orc warriors (Orc:2)
  10 centaurs
  2 ball lightnings (D:13)
  An orc (Orc:2)
  A hobgoblin (D:4)
  16 fungi (Lair:6)
  83 plants
  2 starspawn tentacles (Abyss:3)
  2 tentacles (Shoals:3)
  6 withered plants
171 creatures vanquished.

Grand Total: 2265 creatures vanquished

Notes
Turn   | Place    | Note
-------+----------+-------------------------------------------
     0 | D:1      | Rowan the Minotaur Fighter began the quest for the Orb.
     0 | D:1      | Reached XP level 1. HP: 19/19 MP: 0/0
   212 | D:1      | Reached XP level 2. HP: 22/26 MP: 1/1
   724 | D:2      | Found a hide-covered altar of Uskayaw.
   834 | D:2      | Reached XP level 3. HP: 31/31 MP: 2/2
  1309 | D:2      | Found a faded altar of an unknown god.
  1484 | D:3      | Reached XP level 4. HP: 34/39 MP: 3/3
  1530 | D:3      | Noticed Sigmund
  1547 | D:3      | Killed Sigmund
  1547 | D:3      | Reached skill level 5 in Shields
  1547 | D:3      | Reached XP level 5. HP: 10/45 MP: 4/4
  1551 | D:3      | Reached XP level 6. HP: 11/51 MP: 5/5
  1883 | D:3      | Found a glowing silver altar of Zin.
  1937 | D:3      | Found a sacrificial altar of Ru.
  2463 | D:4      | Found a large runed translucent door.
  2463 | D:4      | Found a large runed translucent door.
  2710 | D:4      | Found a large runed translucent door.
  2711 | D:4      | Found a large runed translucent door.
  2826 | D:4      | Reached XP level 7. HP: 57/57 MP: 6/6
  3345 | D:4      | Found a blossoming altar of Fedhas.
  3348 | D:4      | Found a bloodstained altar of Trog.
  3392 | D:5      | Entered Level 5 of the Dungeon
  3889 | D:5      | Reached XP level 8. HP: 58/64 MP: 7/7
  3994 | D:5      | Noticed a komodo dragon
  4180 | D:5      | Found Jadoh's General Store.
  4200 | D:5      | Reached skill level 10 in Polearms
  4287 | D:5      | Killed a komodo dragon
  4646 | D:6      | Found a sparkling altar of Nemelex Xobeh.
  4779 | D:6      | Found Ecsaim Udgh's Book Emporium.
  5067 | D:6      | Reached XP level 9. HP: 70/70 MP: 8/8
  5162 | D:6      | Found a white marble altar of Elyvilon.
  5515 | D:7      | Found a staircase to the Ecumenical Temple.
  5532 | Temple   | Entered the Ecumenical Temple
  5550 | Temple   | Reached skill level 5 in Armour
  5870 | Temple   | Became a worshipper of the Shining One
  5939 | D:7      | Noticed Menkaure
  5952 | D:7      | Killed Menkaure
  6241 | D:7      | Identified the ring of Okawaru's Hatred {rN++ MR- Int+3
                  | Dex+3 SInv}
  6597 | D:7      | Found a sacrificial altar of Ru.
  7329 | D:8      | Reached * piety under the Shining One
  7826 | D:8      | Noticed a two-headed ogre
  7838 | D:8      | Killed a two-headed ogre
  7838 | D:8      | Reached XP level 10. HP: 77/77 MP: 9/9
  7923 | D:8      | Found a burning altar of Makhleb.
  8116 | D:8      | Found a staircase to the Lair.
  8538 | D:9      | Noticed Maurice
  8588 | D:9      | Killed Maurice
  8801 | D:9      | Found a runed translucent door.
  8801 | D:9      | Noticed vhaine's ghost (novice NaWr)
  8921 | D:9      | Found a shattered altar of Ashenzari.
  8940 | D:9      | Found a basalt altar of Yredelemnul.
  9220 | D:9      | Reached skill level 5 in Fighting
  9258 | D:9      | Reached skill level 10 in Armour
  9338 | D:9      | Noticed a three-headed hydra
  9358 | D:9      | Killed a three-headed hydra
  9695 | D:10     | Entered Level 10 of the Dungeon
 10075 | D:10     | Noticed a gargoyle
 10080 | D:10     | Killed a gargoyle
 10265 | D:10     | Reached XP level 11. HP: 65/94 MP: 10/10
 10574 | D:11     | Noticed a purple ugly thing
 10585 | D:11     | Killed a purple ugly thing
 10595 | D:11     | Reached ** piety under the Shining One
 10767 | D:11     | Noticed an orc knight
 10828 | D:11     | Killed an orc knight
 10919 | D:11     | Noticed an unseen horror
 10929 | D:11     | Killed an unseen horror
 10974 | D:11     | Found a staircase to the Orcish Mines.
 11474 | D:11     | Noticed a two-headed ogre
 11481 | D:11     | Killed a two-headed ogre
 11646 | D:12     | Noticed a deep elf mage
 11655 | D:12     | Killed a deep elf mage
 11893 | D:12     | Noticed a two-headed ogre
 11898 | D:12     | Reached skill level 10 in Fighting
 11919 | D:12     | Killed a two-headed ogre
 11919 | D:12     | Reached skill level 10 in Shields
 12357 | D:12     | Noticed an unseen horror
 12379 | D:12     | Killed an unseen horror
 12417 | D:12     | Noticed a green ugly thing
 12431 | D:12     | Killed a green ugly thing
 12783 | D:13     | Found a runed translucent gate.
 12783 | D:13     | Found a runed translucent gate.
 12783 | D:13     | Found a runed translucent gate.
 12783 | D:13     | Noticed Buggegge's ghost (journeyman MiMo)
 12783 | D:13     | Reached *** piety under the Shining One
 12783 | D:13     | Noticed Kutop's ghost (journeyman TeAE)
 12783 | D:13     | Noticed Ziuqeq's ghost (journeyman MiMo)
 12816 | D:13     | Reached XP level 12. HP: 107/107 MP: 11/11
 13088 | D:13     | Noticed a centaur warrior
 13093 | D:13     | Killed a centaur warrior
 13114 | D:13     | Noticed Nessos
 13122 | D:13     | Killed Nessos
 13361 | D:13     | Reached **** piety under the Shining One
 13380 | D:13     | Noticed a five-headed hydra
 13404 | D:13     | Killed a five-headed hydra
 13869 | D:14     | Noticed Louise
 13926 | Orc:1    | Entered Level 1 of the Orcish Mines
 13939 | Orc:1    | Noticed Urug
 13954 | Orc:1    | Killed Urug
 14144 | Lair:1   | Entered Level 1 of the Lair of Beasts
 14144 | Lair:1   | Noticed Sonja
 14150 | Lair:1   | Noticed Grum
 14151 | Lair:1   | Killed Sonja
 14174 | Lair:1   | Killed Grum
 14361 | Lair:1   | Noticed a six-headed hydra
 14381 | Lair:1   | Killed a six-headed hydra
 14685 | Lair:1   | Noticed a five-headed hydra
 14698 | Lair:1   | Killed a five-headed hydra
 14847 | Lair:1   | Noticed a six-headed hydra
 14867 | Lair:1   | Killed a six-headed hydra
 15265 | Lair:1   | Reached XP level 13. HP: 87/119 MP: 12/12
 15968 | Lair:2   | Noticed Erica
 15982 | Lair:2   | Killed Erica
 16147 | Lair:2   | Noticed Gastronok
 16162 | Lair:2   | Killed Gastronok
 16162 | Lair:2   | Reached skill level 15 in Shields
 17218 | Lair:3   | Found a large runed translucent door.
 17218 | Lair:3   | Found a large runed translucent door.
 17219 | Lair:3   | Noticed Simyp's ghost (journeyman OpCj)
 17372 | Lair:3   | Found a staircase to the Shoals.
 18742 | Lair:4   | Found a hole to the Spider Nest.
 19352 | Lair:5   | Found a staircase to the Slime Pits.
 19353 | Lair:5   | Found a viscous altar of Jiyva.
 19471 | Lair:5   | Found a runed translucent gate.
 19472 | Lair:5   | Reached ***** piety under the Shining One
 19473 | Lair:5   | Found a runed translucent gate.
 19473 | Lair:5   | Found a runed translucent gate.
 19483 | Lair:5   | Reached XP level 14. HP: 69/132 MP: 13/13
 19728 | Lair:5   | Noticed Linuen's ghost (journeyman FoFi)
 19728 | Lair:5   | Noticed Ihaivurph's ghost (journeyman DsMo)
 20108 | Lair:5   | Killed Linuen's ghost
 20138 | Lair:5   | Killed Ihaivurph's ghost
 20215 | Lair:6   | Entered Level 6 of the Lair of Beasts
 20253 | Lair:6   | Reached skill level 15 in Armour
 20547 | Lair:6   | Found a dark tunnel.
 20558 | Volcano  | Entered a volcano
 21008 | Lair:6   | Reached skill level 15 in Fighting
 22400 | Orc:2    | Entered Level 2 of the Orcish Mines
 22400 | Orc:2    | Found a staircase to the Elven Halls.
 22410 | Orc:1    | Reached skill level 1 in Invocations
 23002 | Orc:2    | Noticed Saint Roka
 23002 | Orc:2    | Reached ****** piety under the Shining One
 23314 | Orc:1    | Killed Saint Roka
 23314 | Orc:1    | Reached XP level 15. HP: 55/144 MP: 15/17
 23675 | Orc:2    | Identified a +9 trishula of holy wrath (a +9 demon trident
                  | blessed by the Shining One)
 23675 | Orc:2    | Received a gift from the Shining One
 23741 | Orc:2    | Noticed Erolcha
 23761 | Orc:2    | Killed Erolcha
 24001 | Orc:2    | Reached skill level 5 in Invocations
 24019 | Orc:2    | Noticed Jorgrun
 24033 | Orc:2    | Killed Jorgrun
 24313 | Orc:2    | Found Memych's Food Emporium.
 24313 | Orc:2    | Found Plog's Antique Armour Emporium.
 24330 | Orc:2    | Found Damius's Armour Shoppe.
 24330 | Orc:2    | Found Taukuf's Jewellery Shoppe.
 24345 | Orc:2    | Bought a +0 cloak of poison resistance for 136 gold pieces
 24375 | Orc:2    | Bought a brightly glowing cloak for 247 gold pieces
 24375 | Orc:2    | Identified the cursed +0 cloak of Woim {+Blink rPois rCorr
                  | Str-4 Slay+3} (You bought it in a shop on level 2 of the
                  | Orcish Mines)
 24803 | D:13     | Killed Ziuqeq's ghost
 24808 | D:13     | Killed Kutop's ghost
 24818 | D:13     | Killed Buggegge's ghost
 24983 | D:14     | Killed Louise
 25149 | D:14     | Found an opulent altar of Gozag.
 25245 | D:14     | Found a gate to the Vaults.
 25771 | D:15     | Entered Level 15 of the Dungeon
 26131 | D:15     | Noticed Josephine
 26145 | D:15     | Killed Josephine
 26201 | D:15     | Reached XP level 16. HP: 105/157 MP: 22/22
 26450 | D:15     | Reached skill level 10 in Invocations
 26919 | D:15     | Found a burning altar of Makhleb.
 27213 | D:15     | Found a staircase to the Depths.
 27577 | Spider:1 | Entered Level 1 of the Spider Nest
 28837 | Spider:2 | Noticed Arachne
 28852 | Spider:2 | Killed Arachne
 29711 | Spider:3 | Reached XP level 17. HP: 168/168 MP: 1/25
 29828 | Spider:4 | Entered Level 4 of the Spider Nest
 30661 | Spider:4 | Noticed Kirke
 30699 | Spider:4 | Killed Kirke
 30967 | Spider:4 | Noticed Mara
 30987 | Spider:4 | Killed Mara
 31478 | Spider:4 | Got a gossamer rune of Zot
 32429 | Shoals:1 | Entered Level 1 of the Shoals
 32729 | Shoals:1 | Found a gateway to a bazaar.
 33295 | Shoals:2 | Reached XP level 18. HP: 180/180 MP: 26/26
 33475 | Shoals:2 | You fall into a shaft and drop 1 floor!
 34244 | Shoals:4 | Entered Level 4 of the Shoals
 35502 | Shoals:4 | Identified the +1 robe of the Vestibule of Hell {-Tele
                  | rElec rN++ MP-9}
 35611 | Shoals:4 | Got a barnacled rune of Zot
 36441 | Vaults:1 | Entered Level 1 of the Vaults
 36837 | Vaults:1 | Found a runed translucent gate.
 36837 | Vaults:1 | Found a runed translucent gate.
 36837 | Vaults:1 | Identified the +1 robe of the Locust {-Cast MR+ Int+4}
 36838 | Vaults:1 | Found a runed translucent gate.
 36838 | Vaults:1 | Noticed Rowan's ghost (adept MfGl)
 36838 | Vaults:1 | Identified the ring "Xeekhlami" {MR+ Str+6}
 36928 | Vaults:1 | Cast into level 3 of the Abyss (a deep elf demonologist)
 36960 | Abyss:3  | Found a corrupted altar of Lugonu.
 37086 | Abyss:3  | Gained mutation: Armour fits poorly on your strangely
                  | shaped body. [a neqoxec]
 37101 | Abyss:3  | Gained mutation: Scrolls take you a little longer to read.
                  | [a neqoxec]
 37109 | Abyss:3  | Lost mutation: Scrolls take you a little longer to read.
                  | [potion of mutation]
 37109 | Abyss:3  | Gained mutation: Your body sometimes deteriorates upon
                  | taking damage. [potion of mutation]
 37109 | Abyss:3  | Gained mutation: Your movements are slightly less
                  | encumbered by armour. (ER -2) [potion of mutation]
 37109 | Abyss:3  | Gained mutation: You are partially covered in yellow
                  | scales. (AC +2) [potion of mutation]
 37109 | Abyss:3  | Gained mutation: Your movements are less encumbered by
                  | armour. (ER -4) [potion of mutation]
 37110 | Abyss:3  | Lost mutation: Your body sometimes deteriorates upon taking
                  | damage. [potion of mutation]
 37110 | Abyss:3  | Lost mutation: Armour fits poorly on your strangely shaped
                  | body. [potion of mutation]
 37110 | Abyss:3  | Lost mutation: Your movements are less encumbered by
                  | armour. (ER -4) [potion of mutation]
 37110 | Abyss:3  | Gained mutation: You occasionally shout uncontrollably at
                  | your foes. [potion of mutation]
 37110 | Abyss:3  | Gained mutation: Your muscles are strong. (Str +2) [potion
                  | of mutation]
 37114 | Abyss:3  | Noticed a bone dragon
 37133 | Abyss:3  | Killed a bone dragon
 37161 | Vaults:1 | Escaped the Abyss
 37206 | Vaults:1 | Reached XP level 19. HP: 125/189 MP: 27/27
 37430 | Vaults:1 | Found Akhoibar's Antique Armour Shoppe.
 37442 | Vaults:1 | Bought steaming fire dragon scales for 1885 gold pieces
 37442 | Vaults:1 | Identified the +1 fire dragon scales of the Gloaming {rF++
                  | rC- MR+ Stlth+} (You bought it in a shop on level 1 of the
                  | Vaults)
 37467 | Vaults:1 | Identified the +5 plate armour "Juamn" {Dex+2}
 38092 | Vaults:1 | Paralysed by an ogre mage for 5 turns
 38174 | Vaults:1 | Found a roughly hewn altar of Beogh.
 38225 | Vaults:1 | Killed Rowan's ghost
 38386 | Vaults:2 | Noticed Xtahua
 38401 | Vaults:2 | Killed Xtahua
 39996 | Vaults:2 | Reached XP level 20. HP: 198/198 MP: 28/28
 40357 | Vaults:3 | You fall into a shaft and drop 1 floor!
 41233 | Vaults:4 | Found Kuusumet's Gadget Shop.
 41903 | Vaults:5 | Entered Level 5 of the Vaults
 42867 | Vaults:3 | Found a staircase to the Crypt.
 42990 | Vaults:3 | Reached XP level 21. HP: 204/204 MP: 29/29
 43026 | Vaults:3 | Reached skill level 1 in Dodging
 43801 | Depths:1 | Entered Level 1 of the Depths
 43881 | Depths:1 | Noticed a golden dragon
 43901 | Depths:1 | Killed a golden dragon
 43910 | Depths:1 | Reached skill level 5 in Dodging
 44097 | Depths:1 | Found Ejolisk's Book Emporium.
 44151 | Depths:1 | Found a gateway to Hell.
 44391 | Depths:1 | Found a gateway to a ziggurat.
 45948 | Depths:2 | Found Qourabao's Antique Armour Shop.
 45967 | Depths:2 | Bought a pair of fine boots for 237 gold pieces
 45967 | Depths:2 | Identified the +1 pair of boots "Vidylyme" {rPois rCorr
                  | Int-4 Dex+2} (You bought it in a shop on level 2 of the
                  | Depths)
 46073 | Depths:2 | Found a one-way gate leading to the halls of Pandemonium.
 46255 | Depths:2 | Reached skill level 10 in Dodging
 46602 | Depths:3 | Noticed Margery
 46637 | Depths:3 | Killed Margery
 46957 | Depths:3 | Reached XP level 22. HP: 174/213 MP: 30/30
 47094 | Depths:3 | Found Weedocof's Gadget Boutique.
 47315 | Depths:3 | Found a one-way gate to the infinite horrors of the Abyss.
 48388 | Depths:3 | Identified the ring "Cionguff" {*Contam *Slow rF+ rN+++
                  | rCorr Str+4 SInv}
 49424 | Depths:4 | Reached skill level 15 in Dodging
 49478 | Depths:4 | Found a radiant altar of Vehumet.
 49974 | Depths:5 | Entered Level 5 of the Depths
 50071 | Depths:5 | Found Golofrosh's Magic Scroll Boutique.
 50333 | Depths:5 | Reached XP level 23. HP: 220/220 MP: 31/31
 50452 | Depths:5 | Found a gate to the Realm of Zot.
 50767 | Depths:5 | Found a sacrificial altar of Ru.
 51556 | Vaults:5 | Found the +0 mask of the Dragon {MR+ Slay+3 SInv}
 51865 | Vaults:5 | Got a glittering platinum ring
 51867 | Vaults:5 | Identified the ring "Bodaciog" {MR+ MP+9 Stlth+} (You found
                  | it on level 5 of the Vaults)
 52028 | Vaults:5 | Noticed an ancient lich
 52050 | Vaults:5 | Killed an ancient lich
 52321 | Vaults:5 | Found the +7 Singing Sword {slice, sonic wave}
 52403 | Vaults:5 | Found Qeirr's Weapon Shoppe.
 52448 | Vaults:5 | Noticed Bai Suzhen
 52459 | Vaults:5 | Killed Bai Suzhen
 52704 | Vaults:5 | Got a smoking iron ring
 52845 | Vaults:5 | Reached XP level 24. HP: 228/228 MP: 31/31
 52911 | Vaults:5 | Got a silver rune of Zot
 53197 | Vaults:5 | Identified the ring "Ylehekey" {rF+ MR+} (You found it on
                  | level 5 of the Vaults)
 53493 | Zot:1    | Entered Level 1 of the Realm of Zot
 54856 | Zot:2    | Noticed an orb of fire
 54856 | Zot:2    | Noticed a Killer Klown
 54906 | Zot:2    | Noticed a Killer Klown
 54921 | Zot:2    | Gained mutation: Your magical capacity is low. (-10% MP)
                  | [an orb of fire]
 55054 | Zot:2    | Noticed a shard shrike
 55054 | Zot:2    | a Killer Klown changed into a shard shrike
 55056 | Zot:2    | Killed a shard shrike
 55066 | Zot:2    | Killed a Killer Klown
 55069 | Zot:2    | Gained mutation: Your magical capacity is very low. (-20%
                  | MP) [an orb of fire]
 55078 | Zot:2    | Gained mutation: Scrolls take you a little longer to read.
                  | [an orb of fire]
 55079 | Zot:2    | Killed an orb of fire
 55622 | Zot:2    | Reached XP level 25. HP: 102/235 MP: 24/25
 57523 | Zot:3    | You fall into a shaft and drop 1 floor!
 57535 | Zot:4    | Reached skill level 15 in Invocations
 58829 | Zot:4    | Paralysed by the power of Zot for 2 turns
 59254 | Zot:5    | Entered Level 5 of the Realm of Zot
 59559 | Zot:5    | Reached XP level 26. HP: 169/244 MP: 27/27
 60326 | Zot:5    | Noticed an orb of fire
 60345 | Zot:5    | Killed an orb of fire
 60381 | Zot:5    | Noticed an ancient lich
 60406 | Zot:5    | Killed an ancient lich
 60531 | Zot:5    | Noticed an orb of fire
 60545 | Zot:5    | Killed an orb of fire
 60591 | Zot:5    | Noticed an orb of fire
 60595 | Zot:5    | Gained mutation: You sometimes yell uncontrollably at your
                  | foes. [an orb of fire]
 60602 | Zot:5    | Killed an orb of fire
 61088 | Zot:5    | Noticed an orb of fire
 61098 | Zot:5    | Noticed an ancient lich
 61099 | Zot:5    | Noticed an ancient lich
 61121 | Zot:5    | Killed an orb of fire
 61124 | Zot:5    | Killed an ancient lich
 61135 | Zot:5    | Killed an ancient lich
 61169 | Zot:5    | Reached XP level 27. HP: 183/250 MP: 29/29
 61493 | Zot:5    | Got the Orb of Zot
 61584 | Zot:5    | Noticed Saelack the pandemonium lord
 62334 | D:$      | Escaped with the Orb!

Levels and vault maps discovered:
D:1:      elethiomel_arrival_maze, layout_basic
D:2:      layout_basic, overflow_temple_1_default,
          chequers_ecumenical_altar_simple
D:3:      layout_rooms, old_standard_altar, nicolae_overflow_hidden_temple,
          first_ration, uniq_sigmund
D:4:      layout_loops_ring, grunt_temple_overflow_open, corexii_checkpoint_b,
          minmay_hollow_rounded_squares
D:5:      layout_basic, serial_shops, shop_fountains
D:6:      layout_basic, elyvilon_altar_1, nemelex_xobeh_ov_fountains_minmay,
          serial_shops, kennysheep_mini
D:7:      layout_basic, minmay_temple_entry_statues_fountains,
          kennysheep_decorative_pillar, nicolae_ru_great_annihilating_truth,
          uniq_menkaure
D:8:      layout_basic, kennysheep_mini_moat, lair_entry_dummy
D:9:      layout_basic, gammafunk_ghost_grave, basic_altar, hangedman_ranch
          [blue_anna_fruit_fields], cheibrodos_ashenzari_chains, uniq_maurice
D:10:     layout_gridville, grunt_decor_one_mirror
D:11:     layout_gridville, orc_david_3
D:12:     layout_basic
D:13:     layout_basic, gammafunk_ghost_cemetery, uniq_nessos
D:14:     layout_roguey, erik_vaults_1, minmay_misc_feat_doors,
          grunt_gozag_statues, uniq_louise
D:15:     gammafunk_enter_depths_forms, layout_rooms, serial_bayou_pond_d,
          lemuel_tele_altar, uniq_josephine
Temple:   minmay_temple_curvy_branch
Lair:1:   minmay_lair_venomous_thicket, layout_regular_city, grunt_megastairs_5,
          lemuel_fruit_tree, uniq_grum, uniq_sonja
Lair:2:   layout_cave_pods, uniq_gastronok, uniq_erica
Lair:3:   layout_concentric_octagons, elwin_shoals_entry_stream,
          ebering_ghost_disaster_area, st_stairs_3, minivault_25
Lair:4:   layout_layer_cave, spider_nest_entry_funnel_web, grunt_megastairs_3
Lair:5:   layout_roguey, slime_altar_1, gammafunk_ghost_cemetery, st_stairs_10
Lair:6:   minmay_lair_end_frog_pond, layout_small_grid, enter_volcano_2,
          patterned_corridor
Shoals:1: layout_shoals, serial_shops, bzr_entry_lakeside
Shoals:2: layout_shoals, gammafunk_ghost_split, uniq_polyphemus
Shoals:3: layout_shoals
Shoals:4: shoals_end_grunt_garden, layout_shoals,
          portal_ice_cave_entry_frozen_things
Spider:1: layout_spider_delve
Spider:2: layout_spider_delve, uniq_arachne
Spider:3: layout_spider_delve
Spider:4: grunt_spider_rune_circles, uniq_kirke, uniq_mara
Orc:1:    layout_diamond_mine, serial_shops, shop, uniq_urug
Orc:2:    st_orc_mages, layout_caves, uniq_jorgrun, uniq_saint_roka,
          uniq_erolcha
Vaults:1: biasface_vaults_ghost_orc_armoury, vaults_room_boxed,
          nicolae_vaults_puzzle_piece, nicolae_vaults_stairing_the_circle,
          vaults_mumra_chevron_long, grunt_vaults_hallway_long,
          vaults_room_grunt_arrival_ludios, grunt_vaults_focal,
          layout_vaults_omnibox, serial_shops, nicolae_shop_statue_plus
Vaults:2: nicolae_vaults_little_squares_2, v_pattern_4, ontoclasm_vaults_hangar,
          nicolae_vaults_know_your_exits, hangedman_vaults_stretched_pinwheel,
          nicolae_vaults_shelves_hall, v_misc_14, v_misc_5,
          hangedman_vaults_nodes, nicolae_vaults_theta, layout_vaults_omnicross,
          uniq_xtahua
Vaults:3: vaults_room_ringed_pool, ontoclasm_vaults_shuriken, vaults_room_fours,
          vaults_room_grid, v_pattern_1, ontoclasm_vaults_eye, v_alt_pattern_2,
          vaults_room_stairs_pillars, vaults_room_pool, vaults_room_hallway,
          minmay_crypt_entry_simple_box, layout_vaults_quadrants, serial_shops,
          bzr_entry_safe
Vaults:4: v_misc_31, hangedman_vaults_slice, v_misc_8,
          hangedman_vaults_river_flow, hangedman_vaults_variations,
          vaults_mumra_chevron, vaults_standard_mumra_x, v_misc_3,
          grunt_vaults_hallway_short, nicolae_vaults_specimen_jars,
          hangedman_vaults_corner_blocks, layout_vaults_big_room, serial_shops,
          shop
Vaults:5: uniq_bai_suzhen
Depths:1: layout_cave_pools, enter_ziggurat_b, serial_shops, shop,
          hangedman_tar_grid_catacomb, eino_curves_01,
          small_chamber_with_monster, minmay_metal_thing
Depths:2: constructs_gauntlet_mu_hangedman, layout_cave_pools, hell_entry,
          serial_shops, kennysheep_little_box, grunt_pan_entry_zigzag,
          roderic_roman_lattice
Depths:3: minmay_the_grid_3x3 [minmay_the_grid_zigzag_pyramid,
          minmay_the_grid_medium_cups, minmay_the_grid_odd_star,
          minmay_the_grid_rooms, minmay_the_grid_artifice,
          minmay_the_grid_tiny_cups, minmay_the_grid_outer_diamond,
          minmay_the_grid_pillar_ring,
          minmay_the_grid_prize_four_corners_diamond_b], layout_gridville,
          abyss_entry, serial_bayou_ford_a, grunt_hell_entry_dis_grunt,
          serial_shops, shop_coins, grunt_pan_entry_sceptre,
          kennysheep_generic_room_7, uniq_margery
Depths:4: kennysheep_blocky_hall, layout_honeycomb, grunt_metal_band,
          abyss_entry, grunt_pan_entry_in_and_out, minmay_misc_feat_rows,
          grunt_tower_of_power, infiniplex_staircase_door_maze
Depths:5: grunt_zot_entry_bicorn, layout_cave_shapes, serial_shops, shop_statue,
          hell_entry, lemuel_statue_altar
Zot:1:    layout_gridlike
Zot:2:    layout_cathedral_of_symmetry, evilmike_ambush
          [evilmike_ambush_outer_corners, evilmike_ambush_inner_basic],
          grunt_megastairs_4
Zot:3:    layout_gridlike, lemuel_flame_loot_1
Zot:4:    layout_gridville
Zot:5:    layout_misc_corridors, st_stairs_10, grunt_ministairs_4

Skill      XL: |  1  2  3  4  5  6  7  8  9 10 11 12 13 14 15 16 17 18 19 20 21 22 23 24 25 26 |
---------------+-------------------------------------------------------------------------------+-----
Polearms       | 3 4 6 7 9 11 14 | 14.0
Shields        | 4 5 6 7 8 10 14 15 16 19 20 21 24 25 | 25.0
Armour         | 4 7 10 12 14 17 19 21 22 23 24 25 | 25.0
Fighting       | 8 10 12 14 16 17 19 20 21 | 21.1
Invocations    | 4 9 12 18 22 | 22.9
Dodging        | 11 15 19 22 | 22.0

Action                   |  1- 3 |  4- 6 |  7- 9 | 10-12 | 13-15 | 16-18 | 19-21 | 22-24 | 25-27 || total
-------------------------+-------+-------+-------+-------+-------+-------+-------+-------+-------++-------
Melee: Trident           |   103 |   119 |   480 |   732 |  1369 |       |       |       |       ||  2803
       Headbutt          |     7 |    25 |    78 |   151 |   415 |   272 |   457 |   451 |   313 ||  2169
       Trishula          |       |       |       |       |   436 |  1570 |  1737 |  1682 |  1033 ||  6458
Invok: Brand Weapon With |       |       |       |       |     1 |       |       |       |       ||     1
       Summon Divine War |       |       |       |       |       |       |     1 |       |     1 ||     2
       Divine Shield     |       |       |       |       |       |       |       |     1 |       ||     1
       Cleansing Flame   |       |       |       |       |       |       |       |       |     8 ||     8
Evoke: Wand              |       |       |     3 |     2 |       |       |       |       |     1 ||     6
  Use: Potion            |       |     1 |       |     2 |     6 |     3 |       |     8 |    10 ||    30
       Scroll            |       |       |     9 |    16 |    14 |    13 |     6 |     9 |     4 ||    71
 Stab: Paralysed         |       |       |     6 |       |       |       |       |       |       ||     6
  Eat: Chunk             |     2 |     4 |    13 |    17 |    29 |    28 |    23 |    22 |    20 ||   158
       Ration            |       |       |     1 |     2 |     2 |     3 |     3 |     2 |     1 ||    14
Armor: Scale mail        |    24 |    12 |       |       |       |       |       |       |       ||    36
       Chain mail        |       |       |    78 |    95 |   110 |       |       |       |       ||   283
       Plate armour      |       |       |       |       |   150 |   307 |   106 |       |       ||   563
       Fire dragon scale |       |       |       |       |       |       |    20 |       |       ||    20
       Gold dragon scale |       |       |       |       |       |       |    76 |   180 |   143 ||   399
Dodge: Dodged            |    12 |     6 |    19 |    41 |   108 |   120 |   120 |   233 |   256 ||   915
Block: Shield            |    13 |       |       |       |       |       |       |       |       ||    13
       Large shield      |    27 |    60 |   298 |   493 |  1412 |  1508 |  1511 |  1326 |   937 ||  7572
       Reflection        |       |     3 |    18 |    30 |    33 |   117 |   153 |   106 |    19 ||   479

Table legend:
 A = Non-vault XP
 B = Vault XP
 C = Vault XP percentage of total XP
 D = Non-vault monster count
 E = Vault monster count
 F = Vault count percentage of total count
                 A         B        C        D         E       F
            +---------+---------+-------+---------+---------+-------
      Total |  831167 |  684343 |  45.2 |    1460 |     655 |  31.0
            +---------+---------+-------+---------+---------+-------
        D:1 |      31 |       0 |   0.0 |      18 |       0 |   0.0
        D:2 |      48 |       0 |   0.0 |      14 |       0 |   0.0
        D:3 |     259 |     220 |  45.9 |      26 |       1 |   3.7
        D:4 |     177 |     188 |  51.5 |      16 |       9 |  36.0
        D:5 |    1355 |       0 |   0.0 |      21 |       0 |   0.0
        D:6 |     571 |       0 |   0.0 |      15 |       0 |   0.0
        D:7 |    1548 |     212 |  12.0 |      28 |       5 |  15.2
        D:8 |    1903 |       0 |   0.0 |      20 |       0 |   0.0
        D:9 |     601 |    2636 |  81.4 |       4 |       9 |  69.2
       D:10 |    1119 |       0 |   0.0 |      12 |       0 |   0.0
       D:11 |    4846 |     891 |  15.5 |      34 |       7 |  17.1
       D:12 |    4829 |       0 |   0.0 |      35 |       0 |   0.0
       D:13 |    5247 |    4528 |  46.3 |      22 |       4 |  15.4
       D:14 |   15386 |    3580 |  18.9 |      48 |       3 |   5.9
       D:15 |   27589 |    6011 |  17.9 |      51 |      18 |  26.1
     Temple |     132 |       0 |   0.0 |       1 |       0 |   0.0
     Lair:1 |    5713 |    3924 |  40.7 |      18 |      19 |  51.4
     Lair:2 |    2556 |    3085 |  54.7 |      14 |       2 |  12.5
     Lair:3 |    2249 |    1666 |  42.6 |       9 |       5 |  35.7
     Lair:4 |    8923 |    1249 |  12.3 |      32 |       6 |  15.8
     Lair:5 |    7555 |    3461 |  31.4 |      21 |       4 |  16.0
     Lair:6 |   10816 |   13742 |  56.0 |      30 |      51 |  63.0
   Shoals:1 |   13743 |       0 |   0.0 |      30 |       0 |   0.0
   Shoals:2 |    9410 |       0 |   0.0 |      18 |       0 |   0.0
   Shoals:3 |   13912 |       0 |   0.0 |      27 |       0 |   0.0
   Shoals:4 |    9619 |   17705 |  64.8 |      22 |      26 |  54.2
   Spider:1 |   21693 |       0 |   0.0 |      56 |       0 |   0.0
   Spider:2 |    8074 |    3424 |  29.8 |      17 |       1 |   5.6
   Spider:3 |   16979 |       0 |   0.0 |      39 |       0 |   0.0
   Spider:4 |   21053 |   32869 |  61.0 |      53 |      39 |  42.4
      Orc:1 |    3400 |    6740 |  66.5 |      26 |      11 |  29.7
      Orc:2 |    2278 |    9461 |  80.6 |      18 |      38 |  67.9
   Vaults:1 |   35095 |   21659 |  38.2 |      62 |      29 |  31.9
   Vaults:2 |   47832 |   20516 |  30.0 |      87 |      26 |  23.0
   Vaults:3 |   18451 |   28900 |  61.0 |      32 |      32 |  50.0
   Vaults:4 |   23130 |   26482 |  53.4 |      51 |      26 |  33.8
   Vaults:5 |   22363 |  111059 |  83.2 |      33 |      78 |  70.3
   Depths:1 |   35220 |    4321 |  10.9 |      53 |       2 |   3.6
   Depths:2 |   29366 |    5323 |  15.3 |      35 |      19 |  35.2
   Depths:3 |   45331 |   56037 |  55.3 |      58 |      58 |  50.0
   Depths:4 |   29710 |   17289 |  36.8 |      39 |      29 |  42.6
   Depths:5 |   24858 |   30049 |  54.7 |      25 |      14 |  35.9
      Zot:1 |   64707 |       0 |   0.0 |      45 |       0 |   0.0
      Zot:2 |   68389 |   55218 |  44.7 |      34 |      26 |  43.3
      Zot:3 |   46916 |       0 |   0.0 |      24 |       0 |   0.0
      Zot:4 |   68102 |       0 |   0.0 |      44 |       0 |   0.0
      Zot:5 |   31704 |  188958 |  85.6 |      18 |      52 |  74.3
    Abyss:3 |   16379 |       0 |   0.0 |      25 |       0 |   0.0
    Volcano |       0 |    2940 | 100.0 |       0 |       6 | 100.0
            +---------+---------+-------+---------+---------+-------
